 Dungeon Crawl Stone Soup version 0.21-a0-272-g984ae92 (webtiles) character file.

133 Gagarin the Covered (level 5, -1/33 HPs)
             Began as a Gargoyle Fighter on Sept 15, 2017.
             Slain by a gnoll
             ... wielding a +0 halberd
              (10 damage)
             ... on level 2 of the Dungeon.
             The game lasted 00:04:46 (1492 turns).

Gagarin the Covered (Gargoyle Fighter)              Turns: 1492, Time: 00:04:47

Health: -1/33      AC: 11    Str: 26    XL:     5   Next: 16%
Magic:  5/5        EV:  8    Int:  8    God:
Gold:   95         SH: 10    Dex:  9    Spells: 4/4 levels left

rFire    . . .     SeeInvis .   a - +0 flail
rCold    . . .     Gourm    .   c - +0 shield
rNeg     + . .     Faith    .   b - +0 scale mail
rPois    ∞         Spirit   .   (no helmet)
rElec    +         Reflect  .   (no cloak)
rCorr    .         Harm     .   (no gloves)
MR       .....                  (no boots)
Stlth    ..........             (no amulet)
HPRegen  0.11/turn              (no ring)
MPRegen  0.09/turn              (no ring)

@: mighty
A: negative energy resistance 1, electricity resistance, unbreathing,
petrification resistance, rot immunity, AC +4
a: no special abilities


You were on level 2 of the Dungeon.
You were not hungry.

You visited 1 branch of the dungeon, and saw 2 of its levels.

You collected 95 gold pieces.

Inventory:

Hand Weapons
 a - a +0 flail (weapon)
Armour
 b - a +0 scale mail (worn)
 c - a +0 shield (worn)
Jewellery
 i - an uncursed amulet of guardian spirit {unknown}
 t - a +1 ring of protection {unknown}
Scrolls
 e - a scroll of fog {unknown}
 h - a scroll of enchant armour {unknown}
 l - a scroll of amnesia {unknown}
 n - a scroll of enchant weapon {unknown}
 p - 2 scrolls of remove curse {unknown}
Potions
 k - 2 potions of haste {unknown}
 o - a potion of agility {unknown}
 q - a potion of invisibility {unknown}
 r - 2 potions of heal wounds {unknown}
 s - a potion of degeneration {unknown}
Comestibles
 f - a bread ration
 g - 3 chunks of flesh
 j - 2 royal jellies
 m - 4 fruits


   Skills:
 + Level 4.1 Fighting
 + Level 3.0 Maces & Flails
 + Level 4.2 Armour
 - Level 0.4 Dodging
 + Level 4.1 Shields


You had 4 spell levels left.
You didn't know any spells.

Dungeon Overview and Level Annotations

Branches:
Dungeon (2/15)

Altars:
Ru


Innate Abilities, Weirdness & Mutations

You are resistant to torment.
Your stone body is resilient. (AC +4)
You are immune to poison.
You resist negative energy. (rN+)
You are resistant to electric shocks. (rElec)
You can survive without breathing.
You are immune to petrification.
You are immune to rotting.


Message History

The gnoll hits you with a spear.
The gnoll hits you from afar with a halberd.
* * * LOW HITPOINT WARNING * * *
You sock the gnoll!
You kill the gnoll!
Your Maces & Flails skill increases to level 3!
The gnoll hits you but does no damage.
You barely miss the gnoll. The gnoll closely misses you.
The gnoll barely misses you. x2
You barely miss the gnoll. You block the gnoll's attack. x2
You feel very mighty all of a sudden. The gnoll closely misses you.
The gnoll completely misses you.
You closely miss the gnoll. You block the gnoll's attack. x2
You sock the gnoll!
The gnoll is severely wounded.
You block the gnoll's attack. x3
You barely miss the gnoll.
The gnoll is severely wounded.
The gnoll hits you from afar with a halberd!
You die...

.....................
...+#######'.........
#..#...#...#...####..
#..#...#...#...#.....
#..#..)....#...#.....
#..###._.####........
#..#.......# .#.###..
#.g#.÷.#...# ........
#..#@..#...# ##......
#.gg#######+ ...<...
#.....# #######
#######


You could see 2 gnolls.

Vanquished Creatures
  A hound (D:2)
  An orc wizard (D:2)
  A gnoll (D:2)
  2 adders (D:2)
  2 worms (D:2)
  4 dart slugs (D:1)
  A leopard gecko (D:2)
  4 bats (D:1)
  A giant cockroach (D:2)
  2 goblins
  6 hobgoblins
  3 jackals (D:1)
  A quokka (D:2)
  2 frilled lizards (D:2)
  5 kobolds
  A quokka zombie (D:2)
  3 rats
40 creatures vanquished.

Notes
Turn   | Place    | Note
-------+----------+-------------------------------------------
     0 | D:1      | Gagarin the Gargoyle Fighter began the quest for the Orb.
     0 | D:1      | Reached XP level 1. HP: 14/14 MP: 1/1
   218 | D:1      | Reached XP level 2. HP: 19/19 MP: 2/2
   428 | D:1      | Reached XP level 3. HP: 16/23 MP: 3/3
   692 | D:2      | Reached XP level 4. HP: 18/29 MP: 4/4
  1439 | D:2      | Found a sacrificial altar of Ru.
  1466 | D:2      | Reached XP level 5. HP: 33/33 MP: 5/5
  1492 | D:2      | Slain by a gnoll

Vault maps used:
D:1:      wheals_arrival_shading, minmay_misc_feat_more_columns
D:2:      lemuel_coloured_pillars_altar, nicolae_ru_great_annihilating_truth

Skill      XL: |  1  2  3  4  5 |
---------------+----------------+-----
Armour         | 4 |  4.2
Fighting       | 4 |  4.1
Shields        | 4 |  4.1
Maces & Flails | 3 |  3.0
Dodging        | |  0.4

Action                   |  1- 3 |  4- 6 || total
-------------------------+-------+-------++-------
Melee: Flail             |    66 |   121 ||   187
  Use: Potion            |       |     1 ||     1
 Stab: Invisible         |       |     1 ||     1
       Paralysed         |       |     1 ||     1
  Eat: Chunk             |       |     2 ||     2
Armor: Scale mail        |    55 |    54 ||   109
Dodge: Dodged            |    30 |    44 ||    74
Block: Shield            |    41 |    57 ||    98

Table legend:
 A = Spawn XP
 B = Non-spawn XP
 C = Spawn XP percentage of total XP
 D = Spawn monster count
 E = Non-spawn monster count
 F = Spawn count percentage of total count
 G = Total turns spent on level
                    A         B        C        D         E        F      G
               +---------+---------+-------+---------+---------+-------+---------
         Total |       0 |     191 |   0.0 |       0 |      40 |   0.0 |  1492
               +---------+---------+-------+---------+---------+-------+---------
           D:1 |       0 |      38 |   0.0 |       0 |      17 |   0.0 |   670
           D:2 |       0 |     153 |   0.0 |       0 |      23 |   0.0 |   822
               +---------+---------+-------+---------+---------+-------+---------
